 Dungeon Crawl Stone Soup version 0.32-a0-886-g41c5271027 (webtiles) character file.

Game seed: 16218515197895999428

1305 Leszczynek the Basher (level 8, 7/74 (83) HPs)
             Began as an Oni Warper on Apr 2, 2024.
             Quit the game on level 7 of the Dungeon.
             The game lasted 00:18:44 (3393 turns).

Leszczynek the Basher (Oni Warper)                  Turns: 3393, Time: 00:18:45

HP:   7/74 (83)     AC:  6    Str: 16    XL:     8   Next: 57%
MP:   11/11         EV:  9    Int: 14    God:
Gold: 321           SH:  0    Dex: 10    Spells: 9/11 levels left

rFire   . . .        a - +0 mace
rCold   . . .        (no shield)
rNeg    . . .        b - +0 robe
rPois   .            (helmet restricted)
rElec   .            m - +2 cloak
rCorr   .            (gloves unavailable)
SInv    .            (boots unavailable)
Will    .....        (no amulet)
Stlth   +            (no ring)
HPRegen 0.32/turn    (no ring)
MPRegen 0.12/turn

%: no passive effects
@: heavily drained
A: large, unfitting armour, horns 1, tough skin 1, double potion healing,
drunken brawling
a: no special abilities


You were on level 7 of the Dungeon.
You visited 1 branch of the dungeon, and saw 7 of its levels.

You collected 321 gold pieces.

Inventory:

Hand Weapons
 a - a +0 mace (weapon)
 h - a +0 giant club
 q - a +0 giant spiked club
Missiles
 d - 3 darts of dispersal
 n - 2 boomerangs
Armour
 b - a +0 robe (worn)
 m - a +2 cloak (worn)
Scrolls
 c - a scroll of blinking
 e - a scroll of teleportation
 f - a scroll of fog
 g - a scroll of fear
 i - 2 scrolls of vulnerability {unknown}
 o - a scroll of noise {unknown}
 p - 3 scrolls of torment {unknown}


   Skills:
 - Level 6.0 Fighting
 + Level 9.5 Maces & Flails
 - Level 1.0 Throwing
 - Level 2.1 Dodging
 - Level 2.4 Spellcasting
 - Level 2.6 Translocations


You had 9 spell levels left.
You knew the following spells:

 Your Spells              Type           Power      Damage    Failure   Level
B - Blink                 Tloc           18%        N/A       12%         2

Your spell library contained the following spells:

 Spells                   Type           Power      Damage    Failure   Level
 Lesser Beckoning         Tloc           18%        N/A       12%         2
 Maxwell's Portable Pile  Tloc           9%         2d(6-16)  22%         3
 Teleport Other           Tloc           9%         N/A       22%         3
 Vhi's Electric Charge    Tloc/Air       10%        N/A       78%         4
 Ignite Poison            Fire/Alch      1%         N/A       92%         4
 Sticky Flame             Fire/Alch      1%         2d4       92%         4
 Ignition                 Fire           0%         3d3       100%        8


Dungeon Overview and Level Annotations

Branches:
Dungeon (7/15)
 Temple: D:4-7

Altars:
Cheibriados
Uskayaw

Annotations:
D:6 3 runed translucent doors


Innate Abilities, Weirdness & Mutations

You are too large for most types of armour.
You have a pair of small horns on your head.
You have tough skin. (AC +1)
You gain doubled healing and magic from potions.
Whenever you drink a healing potion, you attack all around you.


Message History

You miss the sky beast. Your headbutt misses the sky beast.
The sky beast is moderately wounded.
The sky beast flickers out of sight!
Deactivating autopickup; reactivate with Ctrl-A.
Something hits you but does no damage.
You hit something but do no damage. Your headbutt misses something.
Something hits you but does no damage.
You barely miss something.
Reactivating autopickup.
A sky beast appears from thin air!
The sky beast hits you but does no damage.
You miss the sky beast.
The sky beast is moderately wounded.
The sky beast hits you but does no damage.
You sock the sky beast! You headbutt the sky beast.
The sky beast is heavily wounded.
The sky beast flickers out of sight!
Deactivating autopickup; reactivate with Ctrl-A.
Something hits you but does no damage.
You miss something. You headbutt something.
Something hits you but does no damage.
You barely miss something. Your headbutt misses something.
Reactivating autopickup.
A sky beast appears from thin air!
The sky beast barely misses you.
You hit the sky beast.
The sky beast is severely wounded.
The sky beast hits you. The sky beast shocks you.
You hit the sky beast.
The sky beast is almost dead.
The sky beast hits you. The sky beast shocks you.
* * * LOW HITPOINT WARNING * * *
You hit the sky beast.
The sky beast is almost dead.
The sky beast hits you.
* * * LOW HITPOINT WARNING * * *
The sky beast shocks you.
* * * LOW HITPOINT WARNING * * *
You aren't carrying any potions.
Unknown command.
Are you sure you want to abandon this character and quit the game? (Confirm with "yes".)

##...###..###...#.
##....#.....##.....
##.................#
#.)..........##..>..
###..#......#......#
##...#......#....... .
#...................
..>.#.<......#..........
.[.....Y@...###..........
###.....##...#...........
#......##..............
#...... ..###..........
#.....#.. # ......###.
###..##. ....zz# ... ..
#...


You could see a sky beast.

Vanquished Creatures
  Sigmund (D:3)
  Eustachio (D:3)
  4 ogres
  A centaur (D:6)
  A phantom (D:4)
  A scorpion (D:4)
  A bombardier beetle (D:3)
  A hound (D:4)
  A jelly (D:7)
  2 orc priests
  6 iguanas
  An orc wizard (D:6)
  5 adders
  A shadow imp (D:7)
  A dart slug (D:4)
  8 orcs
  7 ball pythons
  8 endoplasms
  5 giant cockroaches
  9 hobgoblins
  3 jackals (D:3)
  2 quokkas
  4 bats
  9 frilled lizards
  6 goblins
  4 kobolds
  4 rats
97 creatures vanquished.

Notes
Turn   | Place    | Note
-------+----------+-------------------------------------------
     0 | D:1      | Leszczynek the Oni Warper began the quest for the Orb.
     0 | D:1      | Reached XP level 1. HP: 22/22 MP: 3/3
    73 | D:1      | Reached skill level 3 in Fighting
    84 | D:1      | Reached XP level 2. HP: 24/31 MP: 5/5
   275 | D:1      | Reached skill level 3 in Maces & Flails
   275 | D:1      | Reached XP level 3. HP: 35/37 MP: 6/6
   431 | D:2      | Identified the +6 dagger "Orb Guardian's Peril" {freeze,
                  | ^Contam rCorr Str+6}
   749 | D:3      | Found a hide-covered altar of Uskayaw.
   758 | D:3      | Noticed Sigmund
   804 | D:2      | Learned a level 2 spell: Blink
   906 | D:4      | Noticed an orc warrior
   907 | D:4      | uh huh
   907 | D:4      | Noticed a phantom
   969 | D:3      | Reached XP level 4. HP: 46/48 MP: 7/7
   990 | D:3      | Reached skill level 4 in Fighting
  1118 | D:4      | Noticed an ogre
  1123 | D:3      | lmao
  1123 | D:3      | what am i supposed to do
  1189 | D:3      | HP: 7/48 [Sigmund/puff of flame (10)]
  1191 | D:3      | Killed Sigmund
  1192 | D:3      | Reached skill level 5 in Fighting
  1192 | D:3      | Reached skill level 5 in Maces & Flails
  1192 | D:3      | Reached XP level 5. HP: 10/57 MP: 8/8
  1192 | D:3      | Reached XP level 6. HP: 11/66 MP: 9/9
  1192 | D:3      | l o l
  1260 | D:3      | HP: 13/66 [poisoned by an adder]
  1712 | D:4      | HP: 13/66 [phantom (5)]
  1717 | D:4      | Reached skill level 6 in Maces & Flails
  1857 | D:4      | Reached XP level 7. HP: 42/74 MP: 10/10
  1862 | D:4      | Found a snail-covered altar of Cheibriados.
  2131 | D:4      | Reached skill level 6 in Fighting
  2323 | D:4      | Reached skill level 7 in Maces & Flails
  2530 | D:5      | Entered Level 5 of the Dungeon
  2537 | D:5      | Noticed Eustachio
  2719 | D:3      | Killed Eustachio
  2720 | D:3      | Reached XP level 8. HP: 71/83 MP: 11/11
  2766 | D:4      | Reached skill level 8 in Maces & Flails
  2980 | D:6      | HP: 12/65 [orc/+0 dagger (4)]
  2985 | D:6      | HP: 5/61 [something (2)]
  3143 | D:6      | 55/83 hp
  3143 | D:6      | that's my max hp drained this much
  3143 | D:6      | by one orc wizard
  3215 | D:6      | Reached skill level 9 in Maces & Flails
  3221 | D:6      | Found a runed translucent gate.
  3221 | D:6      | Found a runed translucent gate.
  3221 | D:6      | Found a runed translucent gate.
  3222 | D:6      | Noticed a hornet
  3226 | D:6      | dead
  3391 | D:7      | HP: 14/74 [sky beast (5)]
  3393 | D:7      | Quit the game

Illustrated notes $...... ....... ##....... #...l.... ##. ##........ ....##......... #.........). #..@...o... #......o...o. #..........o. #............. #............. #............#. #............# #............# Turn 907 on D:4: uh huh # ############# . #...........# .+ #.##......#.# ?# ##.##......#.#######.# #...'...........@.>..# ...##......#.#####...# ##.##......#.#####.@.# #.##......#..@......# #.##......#######.#.# #.##......# #.#.# ##.##......# #.#.+ .#.######### #.#.... .#.# #.#.#.. Turn 1123 on D:3: lmao ## ###. ########## #.. .........# #.+ #......#.# #.# #......#.#######@# '.............>.)# #......#.#####...# #......#.#####...# #......#.........# #......#######.#.# #......# #.#.# #......# #.#.+ ######## #.#.... Turn 1192 on D:3: l o l ... ######### #.# #........ #.# #.####### #.# #.#...... #)# #........ #.###################.##### #...)...................... #######################.##### ........<.).@# #.# ##########.#.# #.# ........#.# #.# #######.#.# #.# #.#.# #.# ###.# #.# #.##########.# #............# ############## Turn 3143 on D:6: 55/83 hp

.. .... .. . ... ...
#.#.. y... #######
#.#!##..... .......
#.......... ...... #.#
......##### #y# ..
####.......###.####....
...........')@.........
##.......##...###....
#.......##...# # #
#.......##...#
#.#.......#....#
#..............#
####.....>.#...#
####### ##.######...#
#...... #.# #####
#.#####


Turn 3226 on D:6: dead

Levels and vault maps discovered:
D:1:      spicycebolla_arrival_ecumenical, layout_rooms, minmay_lizard_king
D:2:      layout_rooms
D:3:      layout_basic, mainiacjoe_overflow_boulevard, minivault_11,
          uniq_sigmund
D:4:      layout_cave_pods, kennysheep_slug_shrine, guppyfry_early_orc_mine
D:5:      layout_basic, minmay_misc_feat_columns, minmay_liquid_box,
          roderic_serpentine_path, uniq_eustachio, uniq_duvessa,
          uniq_crazy_yiuf_cottage
D:6:      kennysheep_six_static_rooms, layout_basic, gammafunk_ghost_cemetery,
          uniq_prince_ribbit1, uniq_blork_the_orc
D:7:      minmay_evil_eye, layout_cave_pools, grunt_ashenzari_visionary
          [grunt_ashenzari_visionary_swamp, grunt_ashenzari_visionary_spider],
          nicolae_tso_carved_into_rock, temple_doors_cd, enter_bailey_7,
          minmay_guarded_unrand_finisher

Skill      XL: |  1  2  3  4  5  6  7  8 |
---------------+-------------------------+-----
Fighting       | 3 5 6 |  6.0
Maces & Flails | 3 5 6 7 9 |  9.5
Throwing       | |  1.0
Dodging        | |  2.1
Spellcasting   | |  2.4
Translocations | |  2.6

Action                     |  1- 3 |  4- 6 |  7- 9 || total
---------------------------+-------+-------+-------++-------
  Melee: Mace              |   113 |    86 |   191 ||   390
         Headbutt          |     9 |     8 |    42 ||    59
  Throw: Dart              |       |       |    17 ||    17
   Cast: Blink             |       |       |     1 ||     1
    Use: Potion            |       |     4 |     1 ||     5
         Scroll            |       |     2 |     5 ||     7
 Armour: Robe              |    78 |    73 |   182 ||   333
         Skin              |       |    25 |       ||    25
  Dodge: Dodged            |    51 |    32 |    91 ||   174

Table legend: (Time is in decaauts)
 A = Elapsed time spent in this place.
 B = Non-inter-level travel time spent in this place.
 C = Inter-level travel time spent in this place.
 D = Time resting spent in this place.
 E = Time spent auto-exploring this place.
 F = Levels seen in this place.
 G = Mean time per level.
                   A        B        C        D        E       F      G
               +--------+--------+--------+--------+--------+-----+--------+
         Total |   3636 |   3275 |    361 |     93 |     75 |   7 |  519.4 |
       Dungeon |   3636 |   3275 |    361 |     93 |     75 |   7 |  519.4 |
               +--------+--------+--------+--------+--------+-----+--------+

Top non-repeatable levels by time:
     D:3: 1139 daAuts
     D:4: 976 daAuts
     D:1: 433 daAuts
     D:2: 415 daAuts
     D:6: 326 daAuts
     D:5: 233 daAuts
     D:7: 111 daAuts
